 Dungeon Crawl Stone Soup version 0.20-a0-269-g17f5411 (webtiles) character file.

34 Jeebs the Caller (level 3, -1/19 HPs)
             Began as a Deep Elf Summoner on Dec 8, 2016.
             Slain by Sigmund
             ... wielding a +0 scythe
              (8 damage)
             ... on level 2 of the Dungeon.
             The game lasted 00:06:58 (1990 turns).

Jeebs the Caller (Deep Elf Summoner)                Turns: 1990, Time: 00:06:58

Health: -1/19      AC:  2    Str:  3    XL:     3   Next: 14%
Magic:  2/10       EV: 13    Int: 20    God:
Gold:   38         SH:  0    Dex: 15    Spells: 6/9 levels left

rFire  . . .     SeeInvis .     g - +0 dagger
rCold  . . .     Gourm    .     a - +0 robe
rNeg   . . .     Faith    .     (no shield)
rPois  .         Spirit   .     (no helmet)
rElec  .         Reflect  .     (no cloak)
rCorr  .         Harm     .     (no gloves)
MR     .....                    (no boots)
Stlth  ++........               (no amulet)
                                (no ring)
                                (no ring)

@: no status effects
A: hooves 1, mutation resistance 1, weak 1
a: no special abilities


You were on level 2 of the Dungeon.
You were full.

You visited 1 branch of the dungeon, and saw 2 of its levels.

You collected 38 gold pieces.

Inventory:

Hand Weapons
 e - a +0 whip
 f - a +0 short sword
 g - a +0 dagger (weapon)
 i - a +0 dagger
 m - a +0 dagger
 o - a +0 short sword
Armour
 a - a +0 robe (worn)
 c - a +0 helmet
 n - a +0 buckler
Scrolls
 d - a scroll of identify
Potions
 h - 2 potions of haste {unknown}
 j - a potion of berserk rage {unknown}
Books
 b - a book of Callings

   Spells                             Type                      Level
   a - Summon Small Mammal            Summoning                    1
   b - Call Imp                       Summoning                    2
   c - Call Canine Familiar           Summoning                    3
   d - Summon Guardian Golem          Hexes/Summoning              3
   e - Summon Lightning Spire         Summoning/Air                4
   f - Summon Ice Beast               Ice/Summoning                4
Comestibles
 k - a bread ration


   Skills:
 + Level 0.2 Short Blades
 + Level 2.5 Dodging
 + Level 2.7 Stealth
 + Level 0.1 Unarmed Combat
 + Level 3.9 Spellcasting
 + Level 4.9 Summonings


You had 6 spell levels left.
You knew the following spells:

 Your Spells              Type           Power        Failure   Level  Hunger
a - Summon Small Mammal   Summ           ###.         1%          1    None
b - Call Imp              Summ           ###.....     2%          2    ##.....


Dungeon Overview and Level Annotations

Branches:
Dungeon (2/15)

Altars:

Annotations:
D:2 Sigmund


Innate Abilities, Weirdness & Mutations

You have large cloven feet.
You are somewhat resistant to further mutation.
You are weak. (Str -2)


Message History

A beastly little devil appears in a puff of frigid air.
Casting: Call Imp
Confirm with . or Enter, or press ? or * to list all spells.
A metallic apparition takes form in the air.
Sigmund drinks a potion.
Sigmund suddenly seems more resistant.
Sigmund casts a spell.
Sigmund flickers and vanishes!
Deactivating autopickup; reactivate with Ctrl-A.
Your crimson imp disappears in a puff of smoke!
Something hits your white imp.
Casting: Call Imp
Confirm with . or Enter, or press ? or * to list all spells.
A beastly little devil appears in a puff of flame.
Your white imp disappears in a puff of smoke!
A puff of flame appears from out of thin air!
The puff of flame hits your white imp.
Your white imp is burned terribly!
You start resting.
Something hits you!
You die...

####....# .....
#.......####.....
#................
###................
##..................
#..................
#..............#..
#..............#
#............5@# ........
#............55# #.....@#
#..............# #...$..#
#..............# #....@.#
###............#
#......#. #............#
#........ #............#
#........
#............####........
#......##.......5........


You could see a friendly iron imp, a friendly crimson imp and a friendly white
imp.

Vanquished Creatures
  A dart slug (D:1)
  A leopard gecko (D:2)
  A giant cockroach (D:1)
  A hobgoblin (D:1)
  A frilled lizard (D:2)
  2 kobolds
7 creatures vanquished.

Vanquished Creatures (collateral kills)
  An adder (D:2)
  A gnoll (D:1)
  A worm (D:2)
  A dart slug (D:1)
  A leopard gecko (D:1)
  4 bats
  A giant cockroach (D:1)
  2 goblins (D:1)
  3 hobgoblins (D:1)
  A jackal (D:1)
  2 frilled lizards (D:1)
  5 rats (D:1)
23 creatures vanquished.

Grand Total: 30 creatures vanquished

Notes
Turn   | Place    | Note
-------+----------+-------------------------------------------
     0 | D:1      | Jeebs the Deep Elf Summoner began the quest for the Orb.
     0 | D:1      | Reached XP level 1. HP: 10/10 MP: 6/6
   369 | D:1      | Reached XP level 2. HP: 6/15 MP: 5/8
  1240 | D:1      | Gained mutation: You are weak. (Str -2) [potion of mutation]
  1240 | D:1      | Gained mutation: You have large cloven feet. [potion of mutation]
  1240 | D:1      | Gained mutation: You are somewhat resistant to further mutation. [potion of mutation]
  1411 | D:1      | Learned a level 2 spell: Call Imp
  1634 | D:2      | Reached XP level 3. HP: 15/19 MP: 1/10
  1965 | D:2      | Noticed Sigmund
  1990 | D:2      | Slain by Sigmund

Vault maps used:
D:1:      tarquinn_simple_flora_water_d, minmay_octomino_j4
D:2:      lemuel_doored_altar, first_bread, uniq_sigmund

Action                   || total
-------------------------++-------
Melee: Unarmed           ||     9
       Short sword       ||    23
       Whip              ||     6
       Kick              ||     2
 Cast: Summon Small Mamm ||    56
       Call Imp          ||    18
  Use: Potion            ||     2
       Scroll            ||     4
 Stab: Distracted        ||     1
  Eat: Meat ration       ||     1
       Bread ration      ||     1
Armor: Robe              ||    15
Dodge: Dodged            ||    49
